 Dungeon Crawl Stone Soup version 0.25.1-2-g60ff931df9 (webtiles) character file.

Game seed: 8522192670474159356

231 ArchParadox the Conjurer (level 5, -1/39 HPs)
             Began as a Mummy Conjurer on Oct 18, 2020.
             Was an Initiate of Gozag.
             Killed from afar by an orc wizard (5 damage)
             ... with a magic dart
             ... on level 4 of the Dungeon.
             The game lasted 00:15:08 (4794 turns).

ArchParadox the Conjurer (Mummy Conjurer)           Turns: 4794, Time: 00:15:09

Health: -1/39      AC:  3    Str: 12    XL:     5   Next: 73%
Magic:  3/11       EV: 12    Int: 15    God:    Gozag
Gold:   333        SH:  0    Dex: 12    Spells: 5/12 levels left

rFire    x . .     SeeInvis .   o - +1 falchion (vorpal)
rCold    + . .     Gourm    .   (no shield)
rNeg     + + +     Faith    .   a - +1 robe
rPois    ∞         Spirit   .   (no helmet)
rElec    .         Reflect  .   (no cloak)
rCorr    .         Harm     .   (no gloves)
MR       .....                  (no boots)
Stlth    ++........             (no amulet)
HPRegen  0.13/turn              (no ring)
MPRegen  0.12/turn              (no ring)

@: no status effects
A: no food or potions, fire vulnerability, cold resistance 1, negative energy
resistance 3, torment resistance, unbreathing
a: Potion Petition, Call Merchant, Bribe Branch, Renounce Religion


You were on level 4 of the Dungeon.
You worshipped Gozag.
Gozag was aware of your devotion.
You were not hungry.

You visited 1 branch of the dungeon, and saw 4 of its levels.

You collected 362 gold pieces.
You paid 29 gold pieces to Gozag.

Inventory:

Hand Weapons
 i - a +0 club
 k - a +0 whip
 m - a +4 dagger
 o - a +1 vorpal falchion (weapon)
Missiles
 b - 33 arrows
 h - 25 stones (quivered)
 j - 33 poisoned darts
Armour
 a - a +1 robe (worn)
 c - a +0 plate armour
Jewellery
 e - an uncursed ring of flight {unknown}
 g - a cursed -4 ring of protection {unknown}
Wands
 d - a wand of paralysis (8)
Scrolls
 f - a scroll of noise {unknown}
 l - a scroll of enchant armour
 n - a scroll of remove curse
 p - a scroll of identify {unknown}


   Skills:
 + Level 2.4 Fighting
 - Level 1.5 Dodging
 - Level 1.5 Stealth
 + Level 4.3 Spellcasting
 * Level 4.7 Conjurations


You had 5 spell levels left.
You knew the following spells:

 Your Spells              Type           Power        Failure   Level  Hunger
a - Magic Dart            Conj           ###.         2%          1    N/A
b - Searing Ray           Conj           ###...       3%          2    N/A
c - Fulminant Prism       Conj/Hex       ##........   54%         4    N/A

Your spell library contained the following spells:

 Spells                   Type           Power        Failure   Level  Hunger
 Dazzling Flash           Conj/Hex       ##....       21%         3    N/A
 Iskenderun's Mystic Bla  Conj/Tloc      ##......     54%         4    N/A

Dungeon Overview and Level Annotations

Branches:
Dungeon (4/15)
 Temple: D:4-7

Altars:
Fedhas
Gozag

Annotations:
D:3 2 transporters


Innate Abilities, Weirdness & Mutations

You do not eat or drink.
Your flesh is vulnerable to fire.
You are immune to poison.
Your flesh is cold resistant. (rC+)
You are immune to negative energy. (rN+++)
You are immune to unholy pain and torment.
You can survive without breathing.


Message History

The orc wizard begins to cast a cantrip, but forgets the words!
You barely miss the orc wizard.
The orc wizard is moderately wounded.
The orc wizard gestures at you while chanting.
The magic dart hits you!
The orc wizard miscasts a cantrip.
The orc wizard gestures wildly while chanting.
The orc wizard seems to speed up.
The giant cockroach waves its antennae.
Your magical contamination has completely faded away.
The orc wizard closely misses you.
The orc priest mumbles some strange prayers to Beogh against you.
Beogh smites you!
* * * LOW HITPOINT WARNING * * *
The orc wizard hits you but does no damage.
There is a stone staircase leading up here.
The orc wizard points at you and mumbles some strange words.
The magic dart hits you.
You die...
Your body crumbles into a pile of gold.

#####
#.o@#
#s###
#.#
#s#
#.#
#.#
#.#
#o#
#.#


You could see an orc wizard (fast) and a giant cockroach.

Vanquished Creatures
  An orc wizard (D:3)
  7 gnolls (D:3)
  4 adders
  An ooze (D:1)
  2 worms (D:1)
  2 dart slugs
  2 leopard geckos (D:2)
  6 orcs
  3 giant cockroaches
  13 goblins
  6 hobgoblins
  3 jackals (D:3)
  A quokka (D:1)
  2 ball pythons
  5 bats
  6 frilled lizards
  7 kobolds
  11 rats
82 creatures vanquished.

Notes
Turn   | Place    | Note
-------+----------+-------------------------------------------
     0 | D:1      | ArchParadox the Mummy Conjurer began the quest for the Orb.
     0 | D:1      | Reached XP level 1. HP: 13/13 MP: 4/4
   348 | D:1      | Reached XP level 2. HP: 20/20 MP: 1/5
   678 | D:1      | Reached skill level 1 in Fighting
  1067 | D:2      | Reached XP level 3. HP: 23/26 MP: 2/7
  1838 | D:2      | Learned a level 2 spell: Searing Ray
  2014 | D:1      | Reached XP level 4. HP: 22/32 MP: 2/9
  2770 | D:2      | Found a blossoming altar of Fedhas.
  2770 | D:2      | Found an opulent altar of Gozag.
  2889 | D:2      | Became a worshipper of Gozag Ym Sagoz the Greedy
  3118 | D:3      | Found a transporter.
  3118 | D:3      | Found a transporter.
  3132 | D:3      | Learned a level 4 spell: Fulminant Prism
  3153 | D:3      | Noticed a kobold demonologist
  3528 | D:3      | Reached XP level 5. HP: 15/38 MP: 1/11
  4794 | D:4      | Killed from afar by an orc wizard

Illustrated notes

Levels and vault maps discovered:
D:1:      ncdulo_watergridlock, layout_loops_ring
D:2:      layout_loops_ring, gammafunk_temple_overflow_wave,
          minmay_fractal_squares_5
D:3:      gammafunk_wand_slinger, layout_basic
D:4:      minmay_chambers_of_fours, layout_basic,
          nicolae_dithmenos_shadow_blocks, first_ration, uniq_robin

Skill      XL: |  1  2  3  4 |
---------------+-------------+-----
Spellcasting   | 3 4 |  4.3
Fighting       | 1 2 |  2.4
Conjurations   | 4 |  4.7
Dodging        | |  1.5
Stealth        | |  1.5

Action                   |  1- 3 |  4- 6 || total
-------------------------+-------+-------++-------
Melee: Unarmed           |     1 |       ||     1
       Club              |     2 |       ||     2
       Dagger            |     9 |       ||     9
       Falchion          |       |    11 ||    11
 Cast: Magic Dart        |    97 |   121 ||   218
       Searing Ray       |       |     4 ||     4
  Use: Scroll            |       |     5 ||     5
Armor: Robe              |     7 |     9 ||    16
Dodge: Dodged            |    48 |    21 ||    69
       Rpst.: Falchion   |       |     7 ||     7
